BR (22 & UNDER)
FORT COLLINS COMMONERS @ WATERTOWN HEADHUNTERS
08/04/2030
 
TOP OF THE 1ST
Fort Collins Commoners batting - Pitching for Watertown Headhunters : LHP Roy Gómez
Pitching: LHP Roy Gómez
Batting: LHB Tony Chávez 0-0: Called Strike
0-1: Ball
1-1: Fly out, F7 (Flyball, 78S)
Batting: SHB Tom Stewart 0-0: Called Strike
0-1: Fly out, F5 (Line Drive, 56)
Batting: LHB John Allen 0-0: Ball
1-0: Called Strike
1-1: Foul Ball, location: 2F
1-2: Strikes out looking
Top of the 1st over - 0 runs, 0 hits, 0 errors, 0 left on base; Fort Collins 0 - Watertown 0
BOTTOM OF THE 1ST
Watertown Headhunters batting - Pitching for Fort Collins Commoners : RHP Jorge Sierra
Pitching: RHP Jorge Sierra
Batting: LHB William Mitchell 0-0: Ball
1-0: Ground out 4-3 (Groundball, 4)
Batting: LHB Leonardo Torres 0-0: Ball
1-0: Called Strike
1-1: Ground out 6-3 (Groundball, 6)
Batting: RHB Steve Welch 0-0: Ball
1-0: Ball
2-0: Called Strike
2-1: Ball
3-1: Fly out, F8 (Flyball, 78M)
Bottom of the 1st over - 0 runs, 0 hits, 0 errors, 0 left on base; Fort Collins 0 - Watertown 0
TOP OF THE 2ND
Fort Collins Commoners batting - Pitching for Watertown Headhunters : LHP Roy Gómez
Batting: RHB Edgardo Morales 0-0: Called Strike
0-1: Ball
1-1: Foul Ball, location: 2F
1-2: Strikes out looking
Batting: LHB Vernon Riley 0-0: Ball
1-0: Foul Ball, location: 2F
1-1: Called Strike
1-2: Strikes out looking
Batting: RHB Brian Andrews 0-0: Ball
1-0: Ball
2-0: Foul Ball, location: 2F
2-1: Foul Ball, location: 2F
2-2: Fly out, F8 (Flyball, 8RM)
Top of the 2nd over - 0 runs, 0 hits, 0 errors, 0 left on base; Fort Collins 0 - Watertown 0
BOTTOM OF THE 2ND
Watertown Headhunters batting - Pitching for Fort Collins Commoners : RHP Jorge Sierra
Batting: RHB Mike Hurt 0-0: Ball
1-0: Swinging Strike
1-1: Called Strike
1-2: Ball
2-2: Ball
3-2: Base on Balls
Batting: RHB Johnny Marshall 0-0: Foul Ball, location: 2F
0-1: Called Strike
0-2: Fly out, F8 (Flyball, 78D)
Batting: RHB Gustavo Martínez 0-0: Called Strike
0-1: Fly out, F8 (Flyball, 78D)
Batting: RHB Robinson Martínez 0-0: Foul Ball, location: 2F
0-1: Ball
1-1: Called Strike
1-2: Strikes out swinging
Bottom of the 2nd over - 0 runs, 0 hits, 0 errors, 1 left on base; Fort Collins 0 - Watertown 0
TOP OF THE 3RD
Fort Collins Commoners batting - Pitching for Watertown Headhunters : LHP Roy Gómez
Batting: RHB Bobby Doyle 0-0: Fly out, F8 (Flyball, 8RD)
Batting: RHB José González 0-0: Called Strike
0-1: Ball
1-1: Foul Ball, location: 2F
1-2: Hit by Pitch
Batting: RHB Víctor Sánchez 0-0: Called Strike
0-1: Called Strike
0-2: Foul Ball, location: 2F
0-2: Ball
1-2: Ground out 4-3 (Groundball, 4MS)
José González to second
Batting: LHB Tony Chávez 0-0: Called Strike
0-1: Foul Ball, location: 2F
0-2: Ball
1-2: Strikes out looking
Top of the 3rd over - 0 runs, 0 hits, 0 errors, 1 left on base; Fort Collins 0 - Watertown 0
BOTTOM OF THE 3RD
Watertown Headhunters batting - Pitching for Fort Collins Commoners : RHP Jorge Sierra
Batting: RHB John Weber 0-0: Called Strike
0-1: Ball
1-1: Ball
2-1: Foul Ball, location: 2F
2-2: Strikes out swinging
Batting: RHB Andrés Gutiérrez 0-0: Called Strike
0-1: Fly out, F3 (Popup, 3SF)
Batting: LHB William Mitchell 0-0: Ball
1-0: Called Strike
1-1: Ball
2-1: Foul Ball, location: 2F
2-2: Foul Ball, location: 2F
2-2: Strikes out looking
Bottom of the 3rd over - 0 runs, 0 hits, 0 errors, 0 left on base; Fort Collins 0 - Watertown 0
TOP OF THE 4TH
Fort Collins Commoners batting - Pitching for Watertown Headhunters : LHP Roy Gómez
Batting: SHB Tom Stewart 0-0: Ground out 4-3 (Groundball, 4S)
Batting: LHB John Allen 0-0: Called Strike
0-1: Ground out 4-3 (Groundball, 4)
Batting: RHB Edgardo Morales 0-0: Foul Ball, location: 2F
0-1: Ball
1-1: Foul Ball, location: 2F
1-2: Ball
2-2: Foul Ball, location: 2F
2-2: Foul Ball, location: 2F
2-2: Ball
3-2: SINGLE (Flyball, 89S)
Batting: LHB Vernon Riley 0-0: Called Strike
0-1: Foul Ball, location: 2F
0-2: SINGLE (Flyball, 7LS)
Edgardo Morales to second
Batting: RHB Brian Andrews 0-0: SINGLE (Flyball, 7LS)
Edgardo Morales to third
Vernon Riley to second
Runner from 3rd tries for Home, SAFE, no throw
Batting: RHB Bobby Doyle 0-0: Fielders Choice at 2nd, 5-4 (Groundball, 56)
Top of the 4th over - 1 run, 3 hits, 0 errors, 2 left on base; Fort Collins 1 - Watertown 0
BOTTOM OF THE 4TH
Watertown Headhunters batting - Pitching for Fort Collins Commoners : RHP Jorge Sierra
Batting: LHB Leonardo Torres 0-0: Ball
1-0: Foul Ball, location: 2F
1-1: Called Strike
1-2: Fly out, F6 (Line Drive, 6M)
Batting: RHB Steve Welch 0-0: Called Strike
0-1: Foul Ball, location: 2F
0-2: Ball
1-2: Foul Ball, location: 2F
1-2: DOUBLE (Line Drive, 3D)
Batting: RHB Mike Hurt 0-0: Ball
1-0: Foul Ball, location: 2F
1-1: Ball
2-1: Ball
3-1: Fly out, F3 (Flyball, 3D)
Batting: RHB Johnny Marshall 0-0: DOUBLE (Line Drive, 7D)
Steve Welch scores
Batting: RHB Gustavo Martínez 0-0: Called Strike
0-1: Swinging Strike
0-2: Fly out, F3 (Popup, 34S)
Bottom of the 4th over - 1 run, 2 hits, 0 errors, 1 left on base; Fort Collins 1 - Watertown 1
TOP OF THE 5TH
Fort Collins Commoners batting - Pitching for Watertown Headhunters : LHP Roy Gómez
Batting: RHB José González 0-0: Swinging Strike
0-1: Ball
1-1: Ball
2-1: SINGLE (Line Drive, 78S)
Batting: RHB Víctor Sánchez 0-0: Called Strike
José González steals 2nd base
0-1: Swinging Strike
0-2: Foul Ball, location: 2F
0-2: Ground out 4-3 (Groundball, 4)
José González to third
Batting: LHB Tony Chávez 0-0: Ball
1-0: Swinging Strike
1-1: Foul Ball, location: 2F
1-2: Fly out, F8 (Flyball, 8LM)
Batting: SHB Tom Stewart 0-0: Called Strike
0-1: Ball
1-1: Foul Ball, location: 2F
1-2: Strikes out looking
Top of the 5th over - 0 runs, 1 hit, 0 errors, 1 left on base; Fort Collins 1 - Watertown 1
BOTTOM OF THE 5TH
Watertown Headhunters batting - Pitching for Fort Collins Commoners : RHP Jorge Sierra
Batting: RHB Robinson Martínez 0-0: Called Strike
0-1: Ground out 6-3 (Groundball, 56)
Batting: RHB John Weber 0-0: Ball
1-0: Ball
2-0: Called Strike
2-1: Foul Ball, location: 2F
2-2: Fly out, F9 (Flyball, 9)
Batting: RHB Andrés Gutiérrez 0-0: SINGLE (Groundball, 34D)
Batting: LHB William Mitchell 0-0: Ball
1-0: Ball
Andrés Gutiérrez steals 2nd base
2-0: Called Strike
2-1: Reached on error, E3 (Groundball, 34S)
Andrés Gutiérrez to third
Batting: LHB Leonardo Torres 0-0: Foul Ball, location: 2F
0-1: Ball
1-1: Fly out, F7 (Flyball, 7S)
Bottom of the 5th over - 0 runs, 1 hit, 1 error, 2 left on base; Fort Collins 1 - Watertown 1
TOP OF THE 6TH
Fort Collins Commoners batting - Pitching for Watertown Headhunters : LHP Roy Gómez
Batting: LHB John Allen 0-0: Called Strike
0-1: Fly out, F6 (Popup, 6S)
Batting: RHB Edgardo Morales 0-0: Swinging Strike
0-1: DOUBLE (Line Drive, 9LM)
Batting: LHB Vernon Riley 0-0: Called Strike
0-1: Foul Ball, location: 2F
0-2: Ball
1-2: Foul Ball, location: 2F
1-2: Ball
2-2: Strikes out swinging
Batting: RHB Brian Andrews 0-0: Ball
1-0: Swinging Strike
1-1: Ball
2-1: Ball
3-1: Ground out U3 (Groundball, 3)
Top of the 6th over - 0 runs, 1 hit, 0 errors, 1 left on base; Fort Collins 1 - Watertown 1
BOTTOM OF THE 6TH
Watertown Headhunters batting - Pitching for Fort Collins Commoners : RHP Jorge Sierra
Batting: RHB Steve Welch 0-0: Ball
1-0: Ball
2-0: Foul Ball, location: 2F
2-1: Foul Ball, location: 2F
2-2: Ball
3-2: Strikes out swinging
Batting: RHB Mike Hurt 0-0: Called Strike
0-1: Fly out, F1 (Line Drive, 13)
Batting: RHB Johnny Marshall 0-0: Ball
1-0: Called Strike
1-1: Called Strike
1-2: Ball
2-2: Ball
3-2: Fly out, F7 (Flyball, 78XD)
Bottom of the 6th over - 0 runs, 0 hits, 0 errors, 0 left on base; Fort Collins 1 - Watertown 1
TOP OF THE 7TH
Fort Collins Commoners batting - Pitching for Watertown Headhunters : LHP Roy Gómez
Batting: RHB Bobby Doyle 0-0: Ball
1-0: Called Strike
1-1: Ground out 1-3 (Groundball, 13S)
Batting: RHB José González 0-0: Ball
1-0: Called Strike
1-1: Fly out, F7 (Flyball, 7)
Pinch Hitting: RHB Mike Harris 0-0: Ball
1-0: Called Strike
1-1: Swinging Strike
1-2: Ball
2-2: SINGLE (Groundball, 56D)
Pinch Hitting: RHB Edward Green 0-0: Ball
1-0: Ball
2-0: Fly out, F6 (Popup, 6)
Top of the 7th over - 0 runs, 1 hit, 0 errors, 1 left on base; Fort Collins 1 - Watertown 1
BOTTOM OF THE 7TH
Watertown Headhunters batting - Pitching for Fort Collins Commoners : RHP Jorge Sierra
Now at 3B: Edward Green
Now in CF: Lorenzo Oríz
Batting: RHB Gustavo Martínez 0-0: Foul Ball, location: 2F
0-1: Fly out, F8 (Flyball, 8RD)
Batting: RHB Robinson Martínez 0-0: Called Strike
0-1: Foul Ball, location: 2F
0-2: Ball
1-2: Ball
2-2: DOUBLE (Line Drive, 8LXD)
Batting: RHB John Weber 0-0: Ball
Robinson Martínez is caught stealing 3rd base
1-0: Swinging Strike
1-1: Fly out, F8 (Flyball, 89M)
Bottom of the 7th over - 0 runs, 1 hit, 0 errors, 0 left on base; Fort Collins 1 - Watertown 1
TOP OF THE 8TH
Fort Collins Commoners batting - Pitching for Watertown Headhunters : LHP Roy Gómez
Batting: SHB Tom Stewart 0-0: Swinging Strike
0-1: Ball
1-1: Foul Ball, location: 2F
1-2: Ball
2-2: DOUBLE (Line Drive, 7LD)
Batting: LHB John Allen 0-0: Ball
1-0: SINGLE (Groundball, 6MD)
Tom Stewart to third
Batting: RHB Edgardo Morales 0-0: Foul Ball, location: 2F
0-1: Ball
1-1: TRIPLE (Flyball, 89XD)
Tom Stewart scores
John Allen scores
Batting: LHB Vernon Riley 0-0: Ball
1-0: Ball
2-0: Ground out 6-3 (Groundball, 6M)
Batting: RHB Brian Andrews 0-0: Intentional Walk
Batting: RHB Bobby Doyle 0-0: Called Strike
0-1: Ball
1-1: Called Strike
1-2: Foul Ball, location: 2F
1-2: Fly out, F8 (Flyball, 8LD)
Runner from 3rd tags up, SCORES, throw made
Batting: RHB José González 0-0: Foul Ball, location: 2F
0-1: Hit by Pitch
Brian Andrews to second
Batting: RHB Lorenzo Oríz 0-0: Ball
1-0: Ball
2-0: Called Strike
2-1: Ground out 5-3 (Groundball, 56S)
Top of the 8th over - 3 runs, 3 hits, 0 errors, 2 left on base; Fort Collins 4 - Watertown 1
BOTTOM OF THE 8TH
Watertown Headhunters batting - Pitching for Fort Collins Commoners : RHP Jorge Sierra
Batting: RHB Andrés Gutiérrez 0-0: Ground out 6-3 (Groundball, 6)
Batting: LHB William Mitchell 0-0: Ball
1-0: Ground out 3-1 (Groundball, 34S)
Batting: LHB Leonardo Torres 0-0: Called Strike
0-1: Swinging Strike
0-2: Fly out, F7 (Flyball, 7LMF)
Bottom of the 8th over - 0 runs, 0 hits, 0 errors, 0 left on base; Fort Collins 4 - Watertown 1
TOP OF THE 9TH
Fort Collins Commoners batting - Pitching for Watertown Headhunters : LHP Roy Gómez
Pitching: RHP Clint Smith
Batting: RHB Edward Green 0-0: Ball
1-0: Called Strike
1-1: Called Strike
1-2: Ball
2-2: Ball
3-2: Base on Balls
Batting: SHB Tom Stewart 0-0: Called Strike
0-1: Ground out U3 (Groundball, 3L)
Edward Green to second
Batting: LHB John Allen 0-0: Ball
1-0: Ball
2-0: Called Strike
2-1: Fly out, F8 (Flyball, 8LXD)
Runner from 2nd tags up, SAFE at 3rd, no throw
Batting: RHB Edgardo Morales 0-0: Foul Ball, location: 2F
0-1: Called Strike
0-2: Foul Ball, location: 2F
0-2: Foul Ball, location: 2F
0-2: Foul Ball, location: 2F
0-2: Foul Ball, location: 2F
0-2: SINGLE (Groundball, 34D)
Edward Green scores
Batting: LHB Vernon Riley 0-0: Ball
1-0: Swinging Strike
1-1: Ball
2-1: Foul Ball, location: 2F
2-2: Ball
Edgardo Morales steals 2nd base
3-2: Foul Ball, location: 2F
3-2: Foul Ball, location: 2F
3-2: Strikes out swinging
Top of the 9th over - 1 run, 1 hit, 0 errors, 1 left on base; Fort Collins 5 - Watertown 1
BOTTOM OF THE 9TH
Watertown Headhunters batting - Pitching for Fort Collins Commoners : RHP Jorge Sierra
Pitching: RHP Alfredo Escamilla
Batting: RHB Steve Welch 0-0: Called Strike
0-1: Ground out 1-3 (Groundball, 13)
Batting: RHB Mike Hurt 0-0: Swinging Strike
0-1: Ball
1-1: Foul Ball, location: 2F
1-2: Strikes out swinging
Batting: RHB Johnny Marshall 0-0: Ball
1-0: Ball
2-0: Foul Ball, location: 2F
2-1: Swinging Strike
2-2: Ball
3-2: Fly out, F7 (Flyball, 7S)
Bottom of the 9th over - 0 runs, 0 hits, 0 errors, 0 left on base; Fort Collins 5 - Watertown 1
Saturday, April 7th, 2018 - OOTP Baseball 18.8 Build 76